AoeStats
← 小白

African Clearing

506343230Analyzed
4v4 RM · 20d ago on Sep 13, 2026· 28m 13s· 8 players
Game mode
Random Map
Map size
Large (8 player)
Population
200
Speed
Normal
Resources
Standard
Victory
Conquest
Starting age
Dark Age
Ending age
Imperial Age
RankedLock teamsTeams togetherTeam positionsShared explorationLock speedFull tech treeHidden civsTurbo modeCheats
Victory
Defeat
🇹🇼 Vietnamese · Taiwan
1940
+3
🇹🇼 Cumans · Taiwan
1878
+4
🇹🇼 Japanese · Taiwan
1757
+7
🇹🇼 Magyars · Taiwan
1617
+11
🇫🇷 Sicilians · France
1610
-8
🇩🇪 Magyars · Germany
1584
-7
🇫🇮 Persians · Finland
1510
-5
🇲🇽 Malay · Mexico
1503
-5
[DH]Misratronic
4:48 Loom
14:47 Feudal Age
18:35 Castle Age
19:02 Fletching
19:06 Gold Mining
19:14 Double-Bit Axe
18:51 Crossbowman
19:40 Bodkin Arrow
21:45 Padded Archer Armor
26:26 Medium Warships
VeryNiceToMeetYou
13:04 Feudal Age
16:39 Castle Age
15:17 Fletching
15:18 Double-Bit Axe
16:24 Fletching
17:45 Bow Saw
20:05 Loom
21:42 Padded Archer Armor
Minimath
9:11 Loom
14:15 Feudal Age
14:46 Double-Bit Axe
15:56 Horse Collar
23:58 Castle Age
24:10 Bloodlines
24:06 Scale Barding Armor
24:54 Bow Saw
24:45 Heavy Plow
25:35 Wheelbarrow
28:23 Chain Barding Armor
thaebS
13:18 Feudal Age
17:28 Castle Age
16:33 Double-Bit Axe
17:44 Loom
22:13 Horse Collar
26:52 Wheelbarrow
26:02 Town Watch
27:33 Town Watch
小蜜蜂
14:24 Feudal Age
14:47 Loom
14:52 Double-Bit Axe
18:31 Castle Age
16:15 Fishing Lines
16:32 Gold Mining
17:17 Fletching
19:24 Bow Saw
20:55 Bodkin Arrow
21:56 Husbandry
25:26 Wheelbarrow
26:12 Gillnets
27:13 Padded Archer Armor
28:10 Bloodlines
散步小鵝
10:05 Loom
12:19 Feudal Age
23:28 Gold Mining
26:33 Wheelbarrow
26:51 Double-Bit Axe
27:17 Town Watch
小白
11:25 Feudal Age
13:33 Double-Bit Axe
14:10 Horse Collar
16:13 Loom
18:41 Wheelbarrow
19:38 Gold Mining
22:19 Castle Age
20:25 Stone Mining
21:18 Scale Barding Armor
22:07 Forging
23:18 Bloodlines
23:30 Chain Barding Armor
23:32 Bow Saw
27:39 Heavy Plow
老天鵝
9:39 Loom
14:55 Feudal Age
19:21 Castle Age
17:29 Fishing Lines
18:20 Double-Bit Axe
22:06 Bow Saw
23:00 Horse Collar
24:29 Fletching
27:07 Wheelbarrow
26:24 Gold Mining
27:39 Bodkin Arrow
29:03 Hand Cart
Connection lost

Rejoining the realm…

Still unreachable

The connection could not be restored.

Session expired

The server has moved on; the page needs a fresh start.